 Dungeon Crawl Stone Soup version 0.23.0-2-g0fe3ce5905 (webtiles) character file.

Game seed: 271395842386228224

74 lilly the Cudgeler (level 4, 0/60 HPs)
             Began as a Minotaur Monk on Feb 20, 2019.
             Slain by a leopard gecko (1 damage)
             ... on level 3 of the Dungeon.
             The game lasted 00:03:55 (1495 turns).

lilly the Cudgeler (Minotaur Monk)                  Turns: 1495, Time: 00:03:56

Health: 0/60       AC: 22    Str: 18 (21) XL:     4   Next: 10%
Magic:  3/3        EV:  2    Int:  6 (7)  God:
Gold:   119        SH:  0    Dex: 13 (15) Spells: 3/3 levels left

rFire    . . .     SeeInvis .   a - +0 mace
rCold    . . .     Gourm    .   (no shield)
rNeg     + + +     Faith    .   (armour currently unavailable)
rPois    +         Spirit   .   (helmet currently unavailable)
rElec    .         Reflect  .   (cloak currently unavailable)
rCorr    .         Harm     .   (gloves currently unavailable)
MR       .....     NoTele   +   (boots currently unavailable)
Stlth    ++........             (no amulet)
HPRegen  0.20/turn              g - +2 ring of dexterity
MPRegen  0.08/turn              (no ring)

@: mighty, lethally poisoned (0 -> -12), tree-form, hasted, very quick
A: (retaliatory headbutt)
a: no special abilities


You were on level 3 of the Dungeon.
You were near starving.
You were a tree.
You visited 1 branch of the dungeon, and saw 3 of its levels.

You collected 119 gold pieces.

Inventory:

Hand Weapons
 a - a +0 mace (weapon)
Missiles
 d - 5 silver tomahawks (quivered)
Armour
 b - a +0 robe (melded)
Jewellery
 g - a +2 ring of dexterity (left branch)
Scrolls
 e - 2 scrolls of remove curse {unknown}
 f - 2 scrolls of identify {unknown}
 i - a scroll of fear {unknown}
 j - a scroll of teleportation {unknown}
 l - a scroll of blinking {unknown}
Comestibles
 c - 4 rations


   Skills:
 + Level 4.2 Fighting
 * Level 5.2 Maces & Flails
 + Level 3.6 Dodging
 + Level 1.8 Stealth


You had 3 spell levels left.
You didn't know any spells.
Your spell library was empty.

Dungeon Overview and Level Annotations

Branches:
Dungeon (3/15)

Altars:
Ru


Innate Abilities, Weirdness & Mutations

((You reflexively headbutt those who attack you in melee.))
((You have a pair of horns on your head.))


Message History

The orc hits you but does no damage.
The orc priest hits you but does no damage.
It was a potion of haste.
You feel yourself speed up.
* * * LOW HITPOINT WARNING * * *
You feel sick. The orc hits you but does no damage.
The leopard gecko bites you but does no damage.
The orc hits you but does no damage. x2
The orc priest hits you with a +0 club.
* * * LOW HITPOINT WARNING * * *
The leopard gecko bites you but does no damage.
It was a potion of degeneration.
There was something very wrong with that liquid.
You feel weakened.
You feel dopey.
You feel clumsy. The orc hits you but does no damage.
Unknown command.
You hit the orc priest but do no damage.
The orc priest is almost dead.
* * * LOW HITPOINT WARNING * * *
You feel sick. The leopard gecko bites you.
You die...

...[.......
#........).
#..........
#o.........
.......... #........#
###o)$.....# #####
#.♣o........
.....###.ol........
#...............
##...............
.####................
?......<.###........#
.........# ##......##
##.###...# #...#### .
##.## ###..#


You could see an orc priest, 2 orcs and a leopard gecko.

Vanquished Creatures
  3 adders (D:2)
  3 dart slugs
  A leopard gecko (D:1)
  2 orcs (D:3)
  3 giant cockroaches
  8 goblins
  3 hobgoblins
  3 kobolds
  A quokka (D:2)
  A ball python (D:2)
  3 bats (D:2)
  5 frilled lizards
  5 rats
41 creatures vanquished.

Notes
Turn   | Place    | Note
-------+----------+-------------------------------------------
     0 | D:1      | lilly the Minotaur Monk began the quest for the Orb.
     0 | D:1      | Reached XP level 1. HP: 19/19 MP: 0/0
    21 | D:1      | Reached skill level 4 in Maces & Flails
    62 | D:1      | Reached XP level 2. HP: 27/27 MP: 1/1
   502 | D:2      | Reached XP level 3. HP: 30/33 MP: 2/2
   932 | D:2      | Reached skill level 5 in Maces & Flails
  1003 | D:2      | Found a sacrificial altar of Ru.
  1142 | D:2      | Reached XP level 4. HP: 40/40 MP: 3/3
  1493 | D:3      | HP: 2/60 [orc priest/+0 club (3)]
  1495 | D:3      | Slain by a leopard gecko

Skill      XL: |  1  2  3 |
---------------+----------+-----
Maces & Flails | 4 5 |  5.2
Fighting       | 4 |  4.2
Dodging        | |  3.6
Stealth        | |  1.8

Action                   |  1- 3 |  4- 6 || total
-------------------------+-------+-------++-------
Melee: Mace              |    61 |    12 ||    73
       Headbutt          |    10 |       ||    10
  Use: Potion            |       |     4 ||     4
 Stab: Sleeping          |     1 |       ||     1
Armor: Robe              |     7 |       ||     7
       Skin              |       |    26 ||    26
Dodge: Dodged            |    37 |    11 ||    48
